[ AOE2 MATCH · #506605323 ]
UnrankedBurmese vs Saracens
Player's team · LOSS
Rival team · WIN
[ REPLAY ANALYSIS · EXTRACTED FROM THE RECORDED GAME ]
Feudal
8:58
Castle
—
Imperial
—
| APM avg | 88.1 |
| APM peak | 121 |
| eAPM avg | 35.5 |
| Villagers / military | 37 / 9 |
Focus
⚔️ 52.6% · 🌾 47.4%
Archer ×8 · Spearman ×1
Feudal
11:31
Castle
—
Imperial
—
| APM avg | 59.6 |
| APM peak | 84 |
| eAPM avg | 27.0 |
| Villagers / military | 36 / 10 |
Focus
⚔️ 41.9% · 🌾 58.1%
Militia ×5 · Skirmisher ×4 · Archer ×1
Match map
Initial resources + every placement click. Lines = walls · curves = elevation contours. ◆ gold · ⬟ stone · ● berries · ✦ relic · ◌ wall gap
Your base· Open — unwalled flank
flightlessbird's base· Open — unwalled flank
Smoothed initial terrain · ◌ = detected wall gap · hover for details
Inputs per minute
— 我本善良 - - flightlessbird
Build order — 我本善良
80 actions detected in the replay
| 0:01 | Queue | Villager (Male) |
| 0:02 | Build | House |
| 0:03 | Build | House |
| 0:17 | Queue | Villager (Male) |
| 0:18 | Queue | Villager (Male) |
| 0:21 | Queue | Villager (Male) |
| 1:26 | Queue | Villager (Male) |
| 1:27 | Queue | Villager (Male) |
| 1:59 | Queue | Villager (Male) |
| 2:14 | Build | Lumber Camp |
| 2:30 | Queue | Villager (Male) |
| 2:31 | Queue | Villager (Male) |
| 2:54 | Queue | Villager (Male) |
| 2:54 | Queue | Villager (Male) |
| 3:16 | Queue | Villager (Male) |
| 3:16 | Queue | Villager (Male) |
| 3:43 | Queue | Villager (Male) |
| 3:44 | Queue | Villager (Male) |
| 3:57 | Build | House |
| 3:58 | Build | House |
| 4:06 | Build | House |
| 4:08 | Queue | Villager (Male) |
| 4:08 | Queue | Villager (Male) |
| 4:22 | Queue | Villager (Male) |
| 4:37 | Build | House |
| 4:39 | Build | House |
| 4:56 | Build | House |
| 5:18 | Queue | Villager (Male) |
| 5:18 | Queue | Villager (Male) |
| 5:20 | Build | Mill |
| 5:55 | Queue | Villager (Male) |
| 5:58 | Research | Loom |
| 5:58 | Research | Loom |
| 6:40 | Build | Palisade Wall |
| 6:41 | Build | Palisade Wall |
| 6:48 | Research | Feudal Age |
| 6:48 | Research | Feudal Age |
| 7:32 | Build | Mining Camp |
| 8:23 | Build | Barracks |
| 8:26 | Queue | Villager (Male) |
| 8:58 | Age | Feudal Age |
| 9:12 | Queue | Villager (Male) |
| 9:20 | Build | Archery Range |
| 9:25 | Queue | Villager (Male) |
| 9:47 | Queue | Spearman |
| 10:00 | Queue | Archer |
| 10:08 | Build | House |
| 10:10 | Build | Palisade Wall |
| 10:11 | Queue | Villager (Male) |
| 10:13 | Queue | Villager (Male) |
| 10:13 | Queue | Villager (Male) |
| 10:30 | Queue | Villager (Male) |
| 10:31 | Queue | Archer |
| 10:50 | Queue | Archer |
| 11:11 | Queue | Villager (Male) |
| 11:12 | Queue | Archer |
| 11:17 | Build | Farm |
| 11:18 | Build | Farm |
| 11:42 | Build | Palisade Wall |
| 11:43 | Build | Palisade Wall |
| 12:02 | Queue | Villager (Male) |
| 12:05 | Build | Farm |
| 12:17 | Build | Watch Tower |
| 12:21 | Build | House |
| 12:29 | Build | Palisade Wall |
| 12:47 | Queue | Villager (Male) |
| 12:49 | Build | Farm |
| 12:50 | Build | Farm |
| 12:52 | Queue | Villager (Male) |
| 13:01 | Queue | Villager (Male) |
| 13:03 | Queue | Archer |
| 13:03 | Queue | Archer |
| 13:20 | Build | Mining Camp |
| 13:37 | Queue | Archer |
| 13:37 | Queue | Villager (Male) |
| 13:39 | Build | House |
| 14:16 | Queue | Villager (Male) |
| 14:17 | Queue | Archer |
| 14:29 | Queue | Villager (Male) |
| 14:54 | Queue | Villager (Male) |
Build order — flightlessbird
80 actions detected in the replay
| 0:01 | Queue | Villager (Male) |
| 0:01 | Queue | Villager (Male) |
| 0:02 | Build | House |
| 0:03 | Build | House |
| 0:04 | Queue | Villager (Male) |
| 0:04 | Queue | Villager (Male) |
| 1:24 | Queue | Villager (Male) |
| 1:57 | Queue | Villager (Male) |
| 1:58 | Queue | Villager (Male) |
| 2:25 | Queue | Villager (Male) |
| 2:51 | Queue | Villager (Male) |
| 2:51 | Queue | Villager (Male) |
| 2:54 | Build | Barracks |
| 3:11 | Queue | Villager (Male) |
| 3:34 | Build | House |
| 3:42 | Queue | Villager (Male) |
| 3:42 | Queue | Villager (Male) |
| 3:50 | Queue | Militia |
| 4:12 | Queue | Militia |
| 4:28 | Queue | Militia |
| 4:32 | Build | House |
| 4:39 | Queue | Villager (Male) |
| 4:56 | Queue | Villager (Male) |
| 5:05 | Queue | Militia |
| 5:22 | Queue | Villager (Male) |
| 5:49 | Queue | Villager (Male) |
| 6:06 | Build | Mill |
| 6:12 | Queue | Villager (Male) |
| 6:19 | Build | House |
| 6:41 | Queue | Villager (Male) |
| 6:59 | Queue | Villager (Male) |
| 7:20 | Queue | Villager (Male) |
| 7:34 | Build | Lumber Camp |
| 7:37 | Build | Farm |
| 7:48 | Queue | Villager (Male) |
| 7:55 | Build | House |
| 7:56 | Build | Palisade Wall |
| 7:59 | Build | Palisade Wall |
| 8:19 | Queue | Villager (Male) |
| 8:28 | Build | House |
| 8:30 | Build | Palisade Wall |
| 8:39 | Research | Loom |
| 9:21 | Research | Feudal Age |
| 9:24 | Build | Palisade Wall |
| 10:21 | Build | Mining Camp |
| 10:22 | Queue | Militia |
| 11:31 | Age | Feudal Age |
| 11:31 | Build | Farm |
| 11:32 | Build | Farm |
| 11:33 | Build | Farm |
| 11:35 | Research | Man-at-Arms (upgrade) |
| 11:35 | Research | Man-at-Arms (upgrade) |
| 11:44 | Build | Archery Range |
| 11:46 | Build | Watch Tower |
| 11:47 | Queue | Villager (Male) |
| 12:03 | Research | Horse Collar |
| 12:04 | Research | Double-Bit Axe |
| 12:20 | Queue | Villager (Male) |
| 12:20 | Queue | Villager (Male) |
| 12:23 | Build | Farm |
| 12:45 | Queue | Villager (Male) |
| 12:45 | Queue | Villager (Male) |
| 12:48 | Build | Farm |
| 12:56 | Queue | Skirmisher |
| 13:10 | Queue | Villager (Male) |
| 13:10 | Queue | Villager (Male) |
| 13:15 | Build | Farm |
| 13:17 | Build | Farm |
| 13:19 | Build | Farm |
| 13:22 | Build | Farm |
| 13:24 | Queue | Archer |
| 13:30 | Queue | Villager (Male) |
| 13:43 | Queue | Villager (Male) |
| 14:11 | Queue | Villager (Male) |
| 14:25 | Queue | Villager (Male) |
| 14:30 | Queue | Skirmisher |
| 14:34 | Queue | Villager (Male) |
| 14:39 | Queue | Skirmisher |
| 14:56 | Queue | Skirmisher |
| 15:10 | Queue | Villager (Male) |
Match timeline
| 2:54 | flightlessbird · first_building Barracks |
| 6:40 | 我本善良 · wall_segment Palisade Wall x1 |
| 6:41 | 我本善良 · wall_segment Palisade Wall x1 |
| 7:56 | flightlessbird · wall_segment Palisade Wall x1 |
| 7:59 | flightlessbird · wall_segment Palisade Wall x12 |
| 8:23 | 我本善良 · first_building Barracks |
| 8:30 | flightlessbird · wall_segment Palisade Wall x6 |
| 8:58 | 我本善良 · age_up feudal |
| 9:20 | 我本善良 · first_building Archery Range |
| 9:24 | flightlessbird · wall_segment Palisade Wall x2 |
| 10:10 | 我本善良 · wall_segment Palisade Wall x1 |
| 11:31 | flightlessbird · age_up feudal |
| 11:42 | 我本善良 · wall_segment Palisade Wall x3 |
| 11:43 | 我本善良 · wall_segment Palisade Wall x11 |
| 11:44 | flightlessbird · first_building Archery Range |
| 12:29 | 我本善良 · wall_segment Palisade Wall x11 |
| 15:18 | 我本善良 · resign |
[ AI ANALYSIS · 1 CREDIT ]
What really happened in this match?
Wolo.gg analyzes every decision: build order, eco, micro, common mistakes by bracket. Personalized analysis on WhatsApp or Discord in 30 seconds.
Civ guide
Burmese
Perfil
Jugador #21227185